3AA
BATTLE GROUND AEROS @ RICHLAND RAILS
07/04/2025
 
TOP OF THE 1ST
Battle Ground Aeros batting - Pitching for Richland Rails : RHP Maxwell Simon
Pitching: RHP Maxwell Simon
Batting: RHB Juan Camacho 0-0: Ground out 6-3 (Groundball, 6)
Batting: LHB Dave Smerdon 0-0: Called Strike
0-1: Ball
1-1: Swinging Strike
1-2: Strikes out swinging
Batting: RHB Byron Isaacson 0-0: Ground out 5-3 (Groundball, 56)
Top of the 1st over - 0 run(s), 0 hit(s), 0 error(s), 0 left on base; Battle Ground 0 - Richland 0
BOTTOM OF THE 1ST
Richland Rails batting - Pitching for Battle Ground Aeros : LHP Ryan McCall
Pitching: LHP Ryan McCall
Batting: LHB Roberto Soto 0-0: Ball
1-0: Called Strike
1-1: Ball
2-1: Ground out 3-1 (Groundball, 34)
Batting: SHB Jasper Otto 0-0: Called Strike
0-1: Foul Ball, location: 2F
0-2: Fly out, F7 (Flyball, 7S)
Batting: RHB Jung-hwan Kwon 0-0: Ball
1-0: Foul Ball, location: 2F
1-1: Ball
2-1: Fly out, F3 (Line Drive, 3S)
Bottom of the 1st over - 0 run(s), 0 hit(s), 0 error(s), 0 left on base; Battle Ground 0 - Richland 0
TOP OF THE 2ND
Battle Ground Aeros batting - Pitching for Richland Rails : RHP Maxwell Simon
Batting: LHB Ignacio Martínez 0-0: Called Strike
0-1: Swinging Strike
0-2: Fly out, F7 (Flyball, 7)
Batting: RHB José Rodríguez 0-0: Called Strike
0-1: Foul Ball, location: 2F
0-2: SINGLE (Groundball, 4MD)
Batting: RHB Carlos Soto 0-0: Fly out, F9 (Flyball, 9LSF)
Batting: RHB Gustavo Meza 0-0: Ball
1-0: Called Strike
1-1: DOUBLE (Line Drive, 9LS)
José Rodríguez to third
Batting: RHB Beau Murphy 0-0: Ball
1-0: Ball
2-0: Ball
3-0: Called Strike
3-1: Base on Balls
Batting: LHB Nelson Martínez 0-0: Called Strike
0-1: Swinging Strike
0-2: Ball
1-2: Ball
2-2: Ball
3-2: Ground out 4-3 (Groundball, 4)
Top of the 2nd over - 0 run(s), 2 hit(s), 0 error(s), 3 left on base; Battle Ground 0 - Richland 0
BOTTOM OF THE 2ND
Richland Rails batting - Pitching for Battle Ground Aeros : LHP Ryan McCall
Batting: RHB Vicente Cruz 0-0: Foul Ball, location: 2F
0-1: Swinging Strike
0-2: Ball
1-2: Ground out 1-3 (Groundball, 15S)
Batting: RHB Rubén Hernández 0-0: Called Strike
0-1: Ball
1-1: Ball
2-1: Foul Ball, location: 2F
2-2: Strikes out swinging
Batting: LHB Jorge Greenbaum 0-0: Ground out 2-3 (Groundball, 2L)
Bottom of the 2nd over - 0 run(s), 0 hit(s), 0 error(s), 0 left on base; Battle Ground 0 - Richland 0
TOP OF THE 3RD
Battle Ground Aeros batting - Pitching for Richland Rails : RHP Maxwell Simon
Batting: RHB Juan Camacho 0-0: Called Strike
0-1: Called Strike
0-2: Ball
1-2: Foul Ball, location: 2F
1-2: Strikes out swinging
Batting: LHB Dave Smerdon 0-0: SINGLE (Groundball, 4MD)
Batting: RHB Byron Isaacson 0-0: Ball
Wild Pitch!
Dave Smerdon to second
1-0: Foul Ball, location: 2F
1-1: Swinging Strike
1-2: Foul Ball, location: 2F
1-2: Foul Ball, location: 2F
1-2: Ball
2-2: Ball
3-2: Foul Ball, location: 2F
3-2: Foul Ball, location: 2F
3-2: SINGLE (Line Drive, 8LS)
Dave Smerdon to third
Batting: LHB Ignacio Martínez 0-0: Foul Ball, location: 2F
0-1: Ball
1-1: Ball
2-1: Ball
3-1: SINGLE (Groundball, 4MD)
Dave Smerdon scores
Byron Isaacson to second
Runner from 2nd tries for 3rd, SAFE, throw made to third
Batting: RHB José Rodríguez 0-0: Ball
1-0: Called Strike
1-1: Called Strike
Ignacio Martínez steals 2nd base
1-2: Ball
2-2: Ball
3-2: Base on Balls
Batting: RHB Carlos Soto 0-0: Ball
1-0: Reached on error, E6 (Groundball, 6)
Byron Isaacson scores
Ignacio Martínez to third
José Rodríguez to second
Batting: RHB Gustavo Meza 0-0: Ball
1-0: Ball
2-0: Ball
3-0: Foul Ball, location: 2F
3-1: Base on Balls
Ignacio Martínez scores
José Rodríguez to third
Carlos Soto to second
Batting: RHB Beau Murphy 0-0: Ball
1-0: Foul Ball, location: 2F
1-1: Ball
2-1: Ball
3-1: Fly out, F9 (Flyball, 9S)
Runner from 3rd tags up, SCORES, throw made
Batting: LHB Nelson Martínez 0-0: Ball
1-0: Swinging Strike
1-1: Ball
2-1: Foul Ball, location: 2F
2-2: SINGLE (Groundball, 34D)
Carlos Soto to third
Gustavo Meza to second
Runner from 3rd tries for Home, SAFE, no throw
Batting: RHB Juan Camacho 0-0: Called Strike
0-1: Fly out, F9 (Flyball, 9S)
Top of the 3rd over - 5 run(s), 4 hit(s), 1 error(s), 2 left on base; Battle Ground 5 - Richland 0
BOTTOM OF THE 3RD
Richland Rails batting - Pitching for Battle Ground Aeros : LHP Ryan McCall
Batting: RHB Daryl Moran 0-0: Ball
1-0: Ball
2-0: Foul Ball, location: 2F
2-1: Swinging Strike
2-2: Foul Ball, location: 2F
2-2: Ball
3-2: Fly out, F8 (Flyball, 8LM)
Batting: LHB Orlando Casillas 0-0: Foul Ball, location: 2F
0-1: Swinging Strike
0-2: Foul Ball, location: 2F
0-2: Foul Ball, location: 2F
0-2: Strikes out swinging
Batting: RHB Júlio Hernández 0-0: Called Strike
0-1: Ball
1-1: Swinging Strike
1-2: Strikes out looking
Bottom of the 3rd over - 0 run(s), 0 hit(s), 0 error(s), 0 left on base; Battle Ground 5 - Richland 0
TOP OF THE 4TH
Battle Ground Aeros batting - Pitching for Richland Rails : RHP Maxwell Simon
Batting: LHB Dave Smerdon 0-0: Foul Ball, location: 2F
0-1: Swinging Strike
0-2: SINGLE (Line Drive, 9S)
Batting: RHB Byron Isaacson 0-0: Ball
1-0: Ball
2-0: Ball
3-0: Base on Balls
Dave Smerdon to second
Batting: LHB Ignacio Martínez 0-0: Swinging Strike
0-1: Ball
1-1: Ball
2-1: Called Strike
2-2: Foul Ball, location: 2F
2-2: Foul Ball, location: 2F
2-2: Fly out, F7 (Flyball, 78M)
Batting: RHB José Rodríguez 0-0: Called Strike
0-1: Ball
1-1: Ball
2-1: SINGLE (Groundball, 56D)
Dave Smerdon to third
Byron Isaacson to second
Runner from 3rd tries for Home, SAFE, no throw
Batting: RHB Carlos Soto 0-0: Called Strike
0-1: Foul Ball, location: 2F
0-2: Ball
1-2: Ball
2-2: Foul Ball, location: 2F
2-2: Strikes out swinging
Batting: RHB Gustavo Meza 0-0: Swinging Strike
0-1: Called Strike
0-2: Strikes out swinging
Top of the 4th over - 1 run(s), 2 hit(s), 0 error(s), 2 left on base; Battle Ground 6 - Richland 0
BOTTOM OF THE 4TH
Richland Rails batting - Pitching for Battle Ground Aeros : LHP Ryan McCall
Batting: LHB Roberto Soto 0-0: Foul Ball, location: 2F
0-1: Foul Ball, location: 2F
0-2: Fly out, F8 (Flyball, 8RM)
Batting: SHB Jasper Otto 0-0: Ball
1-0: Fly out, F8 (Flyball, 89M)
Batting: RHB Jung-hwan Kwon 0-0: Fly out, F8 (Flyball, 8RD)
Bottom of the 4th over - 0 run(s), 0 hit(s), 0 error(s), 0 left on base; Battle Ground 6 - Richland 0
TOP OF THE 5TH
Battle Ground Aeros batting - Pitching for Richland Rails : RHP Maxwell Simon
Pitching: LHP Carlos Barajas
Batting: RHB Beau Murphy 0-0: Ball
1-0: Called Strike
1-1: Ground out 3-1 (Groundball, 34)
Batting: LHB Nelson Martínez 0-0: Ball
1-0: Ball
2-0: Ball
3-0: Base on Balls
Batting: RHB Juan Camacho 0-0: Ball
1-0: Swinging Strike
1-1: Ball
2-1: Foul Ball, location: 2F
2-2: Strikes out swinging
Batting: LHB Dave Smerdon 0-0: Ball
1-0: Ball
2-0: Called Strike
2-1: Ball
3-1: Base on Balls
Nelson Martínez to second
Batting: RHB Byron Isaacson 0-0: Called Strike
0-1: Called Strike
0-2: Ball
1-2: Ball
2-2: Ball
3-2: Base on Balls
Nelson Martínez to third
Dave Smerdon to second
Batting: LHB Ignacio Martínez 0-0: Ball
1-0: Swinging Strike
1-1: Foul Ball, location: 2F
1-2: Foul Ball, location: 2F
1-2: Strikes out looking
Top of the 5th over - 0 run(s), 0 hit(s), 0 error(s), 3 left on base; Battle Ground 6 - Richland 0
BOTTOM OF THE 5TH
Richland Rails batting - Pitching for Battle Ground Aeros : LHP Ryan McCall
Batting: RHB Vicente Cruz 0-0: Ball
1-0: Foul Ball, location: 2F
1-1: Ball
2-1: Foul Ball, location: 2F
2-2: Strikes out looking
Batting: RHB Rubén Hernández 0-0: Fly out, F8 (Flyball, 8LS)
Batting: LHB Jorge Greenbaum 0-0: Called Strike
0-1: Called Strike
0-2: Ball
1-2: Ball
2-2: Foul Ball, location: 2F
2-2: SINGLE (Flyball, 78S)
Batting: RHB Daryl Moran 0-0: Called Strike
0-1: DOUBLE (Line Drive, 8RD)
Jorge Greenbaum to third
Batting: LHB Orlando Casillas 0-0: Ball
1-0: Swinging Strike
1-1: Called Strike
1-2: Foul Ball, location: 2F
1-2: Foul Ball, location: 2F
1-2: Strikes out swinging
Bottom of the 5th over - 0 run(s), 2 hit(s), 0 error(s), 2 left on base; Battle Ground 6 - Richland 0
TOP OF THE 6TH
Battle Ground Aeros batting - Pitching for Richland Rails : LHP Carlos Barajas
Batting: RHB José Rodríguez 0-0: Swinging Strike
0-1: Foul Ball, location: 2F
0-2: Ground out 6-3 (Groundball, 56)
Batting: RHB Carlos Soto 0-0: Ball
1-0: Foul Ball, location: 2F
1-1: Foul Ball, location: 2F
1-2: Strikes out swinging
Batting: RHB Gustavo Meza 0-0: Ground out 6-3 (Groundball, 6)
Top of the 6th over - 0 run(s), 0 hit(s), 0 error(s), 0 left on base; Battle Ground 6 - Richland 0
BOTTOM OF THE 6TH
Richland Rails batting - Pitching for Battle Ground Aeros : LHP Ryan McCall
Batting: RHB Júlio Hernández 0-0: Called Strike
0-1: Foul Ball, location: 2F
0-2: Ball
1-2: Ball
2-2: Foul Ball, location: 2F
2-2: Strikes out swinging
Batting: LHB Roberto Soto 0-0: Foul Ball, location: 2F
0-1: Called Strike
0-2: Ball
1-2: Ball
2-2: Strikes out swinging
Batting: SHB Jasper Otto 0-0: Ball
1-0: Foul Ball, location: 2F
1-1: Ball
2-1: SINGLE (Flyball, 78S)
Batting: RHB Jung-hwan Kwon 0-0: Called Strike
0-1: Fly out, F3 (Popup, 34)
Bottom of the 6th over - 0 run(s), 1 hit(s), 0 error(s), 1 left on base; Battle Ground 6 - Richland 0
TOP OF THE 7TH
Battle Ground Aeros batting - Pitching for Richland Rails : LHP Carlos Barajas
Batting: RHB Beau Murphy 0-0: Foul Ball, location: 2F
0-1: Swinging Strike
0-2: SINGLE (Line Drive, 56)
Batting: LHB Nelson Martínez 0-0: Ball
1-0: Fly out, F8 (Flyball, 8LS)
Batting: RHB Juan Camacho 0-0: Fly out, F9 (Flyball, 89S)
Batting: LHB Dave Smerdon 0-0: Ball
1-0: Swinging Strike
1-1: Fielders Choice at 2nd, 4-6 (Groundball, 4)
Top of the 7th over - 0 run(s), 1 hit(s), 0 error(s), 0 left on base; Battle Ground 6 - Richland 0
BOTTOM OF THE 7TH
Richland Rails batting - Pitching for Battle Ground Aeros : LHP Ryan McCall
Batting: RHB Vicente Cruz 0-0: SINGLE (Line Drive, 6MD)
Batting: RHB Rubén Hernández 0-0: Ball
1-0: Ball
2-0: Called Strike
2-1: SINGLE (Groundball, 56S) (infield hit)
Vicente Cruz to second
Batting: LHB Jorge Greenbaum 0-0: Ball
1-0: Foul Ball, location: 2F
1-1: Fly out, F9 (Flyball, 9LM)
Batting: RHB Daryl Moran 0-0: Ball
1-0: Called Strike
1-1: Foul Ball, location: 2F
1-2: Foul Ball, location: 2F
1-2: Ball
2-2: Fly out, F6 (Popup, 6)
Batting: LHB Orlando Casillas 0-0: Ball
1-0: Swinging Strike
1-1: Ball
2-1: SINGLE (Line Drive, 7S)
Vicente Cruz to third
Rubén Hernández to second
Runner from 3rd tries for Home, SAFE, throw made at trailing runner, OUT at third!
Bottom of the 7th over - 1 run(s), 3 hit(s), 0 error(s), 1 left on base; Battle Ground 6 - Richland 1
TOP OF THE 8TH
Battle Ground Aeros batting - Pitching for Richland Rails : LHP Carlos Barajas
Batting: RHB Byron Isaacson 0-0: Foul Ball, location: 2F
0-1: Foul Ball, location: 2F
0-2: Ball
1-2: Ball
2-2: Fly out, F2 (Popup, 25)
Batting: LHB Ignacio Martínez 0-0: Ground out 5-3 (Groundball, 56S)
Batting: RHB José Rodríguez 0-0: Ball
1-0: Ball
2-0: Foul Ball, location: 2F
2-1: Ball
3-1: Base on Balls
Batting: RHB Carlos Soto 0-0: Called Strike
0-1: Foul Ball, location: 2F
0-2: Ground out 5-3 (Groundball, 56S)
Top of the 8th over - 0 run(s), 0 hit(s), 0 error(s), 1 left on base; Battle Ground 6 - Richland 1
BOTTOM OF THE 8TH
Richland Rails batting - Pitching for Battle Ground Aeros : LHP Ryan McCall
Now at 1B: Leroy Rijerkerk
Now at 2B: Miguel Angel González
Now at 3B: Roy McFerran
Batting: RHB Júlio Hernández 0-0: Fly out, F9 (Flyball, 9S)
Batting: LHB Roberto Soto 0-0: Ball
1-0: Called Strike
1-1: Swinging Strike
1-2: Ball
2-2: Foul Ball, location: 2F
2-2: Strikes out looking
Batting: SHB Jasper Otto 0-0: Called Strike
0-1: Ball
1-1: Ball
2-1: Called Strike
2-2: Ground out 1-3 (Groundball, P)
Bottom of the 8th over - 0 run(s), 0 hit(s), 0 error(s), 0 left on base; Battle Ground 6 - Richland 1
TOP OF THE 9TH
Battle Ground Aeros batting - Pitching for Richland Rails : LHP Carlos Barajas
Batting: RHB Gustavo Meza 0-0: Ball
1-0: Ball
2-0: Ball
3-0: Called Strike
3-1: Fly out, F5 (Line Drive, 5)
Batting: RHB Beau Murphy 0-0: Foul Ball, location: 2F
0-1: Called Strike
0-2: Ball
1-2: Ball
2-2: Ball
3-2: Base on Balls
Batting: LHB Nelson Martínez 0-0: Ball
1-0: Fly out, F7 (Flyball, 78M)
Batting: RHB Juan Camacho 0-0: Foul Ball, location: 2F
0-1: Ball
1-1: Ball
2-1: Swinging Strike
2-2: SINGLE (Line Drive, 78S)
Beau Murphy to second
Batting: LHB Dave Smerdon 0-0: Called Strike
0-1: Ball
1-1: Fly out, F7 (Flyball, 78M)
Top of the 9th over - 0 run(s), 1 hit(s), 0 error(s), 2 left on base; Battle Ground 6 - Richland 1
BOTTOM OF THE 9TH
Richland Rails batting - Pitching for Battle Ground Aeros : LHP Ryan McCall
Batting: RHB Jung-hwan Kwon 0-0: Ball
1-0: SINGLE (Line Drive, 8LS)
Batting: RHB Vicente Cruz 0-0: Ball
1-0: Ball
2-0: Called Strike
2-1: Foul Ball, location: 2F
2-2: Foul Ball, location: 2F
2-2: Ball
3-2: Grounds into double play, 4-6-3 (Groundball, 34)
Batting: RHB Rubén Hernández 0-0: Foul Ball, location: 2F
0-1: Ball
1-1: Swinging Strike
1-2: SINGLE (Line Drive, 7S)
Pitching: RHP Manny Benavides
Batting: LHB Jorge Greenbaum 0-0: Swinging Strike
0-1: Ball
1-1: Swinging Strike
1-2: Ball
2-2: Ball
Wild Pitch!
Rubén Hernández to second
3-2: Strikes out swinging, 2-3 out at first.
Bottom of the 9th over - 0 run(s), 2 hit(s), 0 error(s), 1 left on base; Battle Ground 6 - Richland 1
Friday, December 30th, 2016 - OOTP Baseball 17.12 Build 75